Unix NetHack Version 5.0.0-0 post-release - last build May 17 2026 04:57:42 (dc50c8380fa5e20985bfe3072449f57b8d9895ef,branch:main).

Game began 2026-05-18 05:23:52, ended 2026-05-18 05:39:06.

2932467751, chaotic female elven Wizard

                            .----
                            -...|
             G              --..|
                             |..|
                         |..--.--
                      --.|..G..|
                    G G@.<....--
                      ------.--

2932467751 the Evoker     St:10 Dx:13 Co:13 In:20 Wi:9 Ch:10  Chaotic
Dlvl:4  $:24 HP:0(13) Pw:20(20) AC:9  Xp:2 T:741 

Latest messages:
 A board beneath the kitten squeaks a B note loudly.
 The large kobold hits!
 You hit the large kobold.
 You kill the large kobold!
 You see here 7 gold pieces.
 You see here 7 gold pieces.
 $ - 7 gold pieces (24 in total).
 The door resists!
 The door opens.
 You see here a food ration.
 u - a food ration.
 The kitten picks up a milky potion.
 The kitten drops a milky potion.
 Your gecko corpse rots away.
 You swap places with your kitten.
 You descend the stairs.
 You swap places with your kitten.
 You stop.  Your kitten is in the way!
 The gnome suddenly disappears!
 You hear an A note squeak in the distance.
 You miss the gnome.
 The kitten misses the gnome.
 You are beginning to feel hungry.
 You kill the gnome!
 You hear an A note squeak in the distance.
 What do you want to eat? [osu or ?*] o
 This pancake is delicious!
 You finish eating the pancake.
 The gnome suddenly disappears!
 The gnome lord zaps a redwood wand!
 Boing!
 The wand hits the kitten!
 You have a sad feeling for a moment, then it passes.
 Really step into that teleportation trap? [yn] (n) y
 You feel a wrenching sensation.
 The gnome lord hits!
 A board beneath the gnome squeaks an A note loudly.
 You miss the gnome lord.
 You hit the gnome lord.
 The gnome lord hits!
 You hit the gnome lord!
 The gnome lord hits!
 You miss the gnome lord.
 The gnome lord hits!
 You die...
 Do you want your possessions identified? [ynq] (y) y
 Do you want to see your attributes? [ynq] (y) y
 Do you want an account of creatures vanquished? [ynaq] (y) y
 Do you want to see your conduct and achievements? [ynq] (y) y
 Do you want to see the dungeon overview? [ynq] (y) y

Inventory:
 Coins    ('$')
  $ - 24 gold pieces
 Weapons  (')')
  a - a blessed +1 quarterstaff (weapon in hands)
 Armor    ('[')
  b - an uncursed +0 cloak of magic resistance (being worn)
 Comestibles  ('%')
  u - an uncursed food ration
  s - an uncursed yellow mold corpse
 Scrolls  ('?')
  j - an uncursed scroll of gold detection
  i - 2 uncursed scrolls of identify
 Spellbooks  ('+')
  k - a blessed spellbook of force bolt
  l - an uncursed spellbook of knock
 Potions  ('!')
  h - a blessed potion of healing
  g - an uncursed potion of levitation
  r - an uncursed potion of monster detection
  f - a blessed potion of sleeping
 Rings    ('=')
  d - an uncursed +2 ring of gain constitution
  e - an uncursed ring of sustain ability
 Wands    ('/')
  c - a wand of locking (0:7)
 Tools    ('(')
  n - an uncursed leather drum
  m - a magic marker (0:21)
 Gems/Stones  ('*')
  t - an uncursed worthless piece of violet glass

2932467751 the Wizard's attributes:

Background:
 You were an Evoker, a level 2 female elven Wizard.
 You were chaotic, on a mission for Anhur
 who was opposed by Ptah (lawful) and Thoth (neutral).
 You were right-handed.
 You were in the Gnomish Mines, on level 4.
 You entered the dungeon 741 turns ago.
 It was nighttime.
 There was a new moon in effect when your adventure ended.
 You had 36 experience points, 4 more were needed to attain level 3.

Basics:
 You had 0 out of 13 hit points.
 You had all 20 energy points (spell power).
 Your armor class was 9.
 Your wallet contained 24 zorkmids.
 Autopickup was off.

Final Characteristics:
 Your strength was 10 (limit:18).
 Your dexterity was 13 (limit:18).
 Your constitution was 13 (limit:16).
 Your intelligence was 20 (limit:20).
 Your wisdom was 9 (limit:20).
 Your charisma was 10 (limit:18).

Final Status:
 You weren't hungry.
 You were unencumbered.
 You were wielding a quarterstaff.
 You had basic skill with quarterstaff.

Final Attributes:
 You were fervently aligned.
 You were magic-protected.
 You had infravision.
 You were warded.
 You are dead.

Miscellaneous:
 You didn't encounter any bones levels.
 Total elapsed playing time was 15 minutes and 11 seconds.

Major events:
 Turn
    1: 2932467751 the chaotic female elven Wizard entered the dungeon
  707: entered the Gnomish Mines
  741: killed by a gnome lord

Spells:
 Name                 Level Category     Fail Retention
 force bolt             1   attack         0%  91%-100%
 knock                  1   matter         0%  76%-100%

Skills:
 Fighting Skills
   bare handed combat [Unskilled]
   riding             [Unskilled]
 Weapon Skills
   dagger             [Unskilled]
   knife              [Unskilled]
   axe                [Unskilled]
   short sword        [Unskilled]
   club               [Unskilled]
   mace               [Unskilled]
   quarterstaff       [Basic]
   polearms           [Unskilled]
   spear              [Unskilled]
   trident            [Unskilled]
   sling              [Unskilled]
   dart               [Unskilled]
   shuriken           [Unskilled]
 Spellcasting Skills
   attack spells      [Basic]
   healing spells     [Unskilled]
   divination spells  [Unskilled]
   enchantment spells [Basic]
   clerical spells    [Unskilled]
   escape spells      [Unskilled]
   matter spells      [Unskilled]

Voluntary challenges:
 Character rerolling was not enabled.
 You were vegetarian.
 You were an atheist.
 You were illiterate.
 You never genocided any monsters.
 You never polymorphed an object.
 You never changed form.
 You used no wishes.
Achievement:
 You entered the Gnomish Mines.

 The Dungeons of Doom: levels 1 to 3
    Level 1:
       An altar.
    Level 2:
       A fountain.
    Level 3:
       Stairs down to The Gnomish Mines.
 The Gnomish Mines:
    Level 4: <- You were here.
       Final resting place for
          you, killed by a gnome lord.


Vanquished creatures:
  a kitten
  a large kobold
  a yellow mold
  a gnome
  a gecko
  5 jackals
  a goblin
  a grid bug
  2 lichens
  a newt
15 creatures vanquished.

No species were genocided or became extinct.

Game over:
                       ----------
                      /          \
                     /    REST    \
                    /      IN      \
                   /     PEACE      \
                  /                  \
                  |    2932467751    |
                  |      24 Au       |
                  |   killed by a    |
                  |    gnome lord    |
                  |                  |
                  |                  |
                  |       2026       |
                 *|     *  *  *      | *
        _________)/\\_//(\/(/\)/\//\/|_)_______

Goodbye 2932467751 the Wizard...

You died in The Gnomish Mines on dungeon level 4 with 316 points,
and 24 pieces of gold, after 741 moves.
You were level 2 with a maximum of 13 hit points when you died.

